 Dungeon Crawl Stone Soup version 0.29.1-13-g9f3cf754e1 (webtiles) character file.

Game seed: 5972272907042960720

97 Thatpatchoflichen the Shooter (level 4, -8/35 HPs)
             Began as a Barachi Hunter on Jan 26, 2023.
             Was an Initiate of Ashenzari.
             Mangled by Sigmund
             ... wielding a +0 scythe
              (12 damage)
             ... on level 2 of the Dungeon.
             The game lasted 00:09:36 (1693 turns).

Thatpatchoflichen the Shooter (Barachi Hunter)      Turns: 1693, Time: 00:09:37

Health: -8/35      AC:  3    Str: 13    XL:     4   Next: 68%
Magic:  4/4        EV: 17    Int:  9    God:    Ashenzari [......]
Gold:   84         SH:  0    Dex: 17    Spells: 3/3 levels left

rFire   . . .      SeeInvis .   a - +0 shortbow
rCold   . . .      Faith    .   (shield currently unavailable)
rNeg    . . .      Spirit   .   c - +0 leather armour
rPois   .          Reflect  .   (no helmet)
rElec   .          Harm     .   (no cloak)
rCorr   .          Rampage  .   (no gloves)
Will    .....                   (no boots)
Stlth   ++........              (no amulet)
HPRegen 0.11/turn               o - +4 ring of evasion
MPRegen 0.09/turn               (no ring)

@: slow
A: amphibious, slowness 1, strong legs 1, +LOS
a: Hop, Renounce Religion, Curse Item


You were on level 2 of the Dungeon.
You worshipped Ashenzari.
Ashenzari was noncommittal.
You visited 1 branch of the dungeon, and saw 3 of its levels.

You collected 84 gold pieces.

Inventory:

Hand Weapons
 a - a +0 shortbow (weapon)
Armour
 c - a +0 leather armour (worn)
 r - the +5 ring mail "Saabb" {rElec rF- Int+8 Dex-2}
   (You found it on level 2 of the Dungeon)

   Int:       It affects your intelligence (+8).
   Dex:       It affects your dexterity (-2).
   rF:        It makes you vulnerable to fire.
   rElec:     It insulates you from electricity.
Jewellery
 o - a +4 ring of evasion (left hand)
Scrolls
 b - a scroll of immolation
 f - 2 scrolls of identify {unknown}
 h - 2 scrolls of silence {unknown}
 j - 3 scrolls of torment {unknown}
 n - a scroll of teleportation {unknown}
Potions
 d - 4 potions of curing {unknown}
 e - a potion of resistance {unknown}
 g - a potion of ambrosia {unknown}
 i - a potion of brilliance {unknown}
 k - a potion of berserk rage {unknown}
 l - 4 potions of haste {unknown}
 m - a potion of heal wounds {unknown}
 p - a potion of lignification {unknown}
 q - a potion of degeneration {unknown}


   Skills:
 + Level 3.5 Fighting
 + Level 4.5 Ranged Weapons
 + Level 2.2 Armour
 + Level 3.1 Dodging
 - Level 1.0 Stealth


You had 3 spell levels left.
You didn't know any spells.
Your spell library contained the following spells:

 Spells                   Type           Power      Damage    Failure   Level
 Conjure Flame            Conj/Fire      0%         6-21      83%         3
 Ignite Poison            Fire/Tmut/Pois 0%         N/A       83%         3
 Anguish                  Hex/Necr       0%         N/A       99%         4
 Sticky Flame             Conj/Fire      0%         2d3       99%         4
 Enfeeble                 Hex            0%         N/A       100%        7


Dungeon Overview and Level Annotations

Branches:
Dungeon (3/15)

Altars:
Ashenzari

Annotations:
D:2 Sigmund


Innate Abilities, Weirdness & Mutations

You are amphibious.
You cover ground slowly.
You can hop short distances.
You have an extended range of vision and can be seen from far away.


Message History

Aim: Sigmund, wielding a +0 scythe and wearing a +0 robe (heavily wounded, 60% to hit)
You shoot an arrow. The arrow hits Sigmund.
Sigmund is heavily wounded.
Sigmund barely misses you.
Fire: a) +0 shortbow
Press: ? - help, Q - select action, (/) - cycle Shift-Dir - straight line, f/p - Sigmund
Aim: Sigmund, wielding a +0 scythe and wearing a +0 robe (heavily wounded, 60% to hit)
You shoot an arrow. The arrow closely misses Sigmund.
Sigmund mumbles some strange words.
Sigmund flickers and vanishes!
Deactivating autopickup; reactivate with Ctrl-A.
Fire: a) +0 shortbow
Press: ? - help, Q - select action, (/) - cycle Shift-Dir - straight line, f - you Really target yourself?
Okay, then.
Fire: a) +0 shortbow
Press: ? - help, Q - select action, (/) - cycle Shift-Dir - straight line You shoot an arrow.
You hear some strange, mumbled words.
A puff of flame appears from out of thin air!
The puff of flame hits you.
Fire: a) +0 shortbow
Press: ? - help, Q - select action, (/) - cycle Shift-Dir - straight line You shoot an arrow.
Something hits you!
Unknown command.
Fire: a) +0 shortbow
Press: ? - help, Q - select action, (/) - cycle Shift-Dir - straight line You shoot an arrow.
Something hits you but does no damage.
Fire: a) +0 shortbow
Press: ? - help, Q - select action, (/) - cycle Shift-Dir - straight line You shoot an arrow.
Something hits you!
* * * LOW HITPOINT WARNING * * *
Fire: a) +0 shortbow
Press: ? - help, Q - select action, (/) - cycle Shift-Dir - straight line You shoot an arrow.
Something hits you!
You die...

### #... #.... #..
#.... ## #.. #.... ...
#..
#####...######......
#..
...................
#.. #................
#.. #.....@.{..(.....
#.. #...........###.#
#.. #...........#
#.#####..
#...........#
#.#......
##.##########
#.#......
#.############.#......
#.#.....>......#......
#.#.....#.............
#.#.....##............


There were no monsters in sight!

Vanquished Creatures
  Natasha (twice) (D:2)
  2 dart slugs (D:1)
  5 ball pythons
  5 bats
  5 endoplasms
  A giant cockroach (D:1)
  5 goblins
  3 hobgoblins
  2 quokkas (D:2)
  2 frilled lizards
  5 kobolds
  5 rats (D:1)
42 creatures vanquished.

Notes
Turn   | Place    | Note
-------+----------+-------------------------------------------
     0 | D:1      | Thatpatchoflichen the Barachi Hunter began the quest for
                  | the Orb.
     0 | D:1      | Reached XP level 1. HP: 17/17 MP: 1/1
    65 | D:1      | Reached skill level 1 in Stealth
   101 | D:1      | Reached XP level 2. HP: 23/23 MP: 2/2
   267 | D:1      | Reached skill level 1 in Armour
   524 | D:1      | Reached XP level 3. HP: 28/28 MP: 3/3
   915 | D:2      | Found a broken altar of Ashenzari.
   922 | D:2      | Became a worshipper of Ashenzari the Shackled
  1225 | D:2      | Noticed Natasha
  1232 | D:2      | Killed Natasha
  1233 | D:2      | Reached XP level 4. HP: 27/35 MP: 4/4
  1513 | D:2      | Identified the +5 ring mail "Saabb" {rElec rF- Int+8 Dex-2}
  1560 | D:2      | Noticed Natasha
  1564 | D:2      | Killed Natasha
  1675 | D:2      | Noticed Sigmund
  1693 | D:2      | Mangled by Sigmund

Illustrated notes

Levels and vault maps discovered:
D:1:      ncdulo_lavacross, layout_loops_cross, minmay_liquid_box
D:2:      layout_basic, basic_altar, uniq_natasha, uniq_sigmund
D:3:      layout_basic, shapermc_ecumenical_altar_notcrosses, st_stairs_10,
          uniq_ijyb

Skill      XL: |  1  2  3  4 |
---------------+-------------+-----
Stealth        | 1 |  1.0
Armour         | 1 2 |  2.2
Fighting       | 3 |  3.5
Dodging        | 3 |  3.1
Ranged Weapons | |  4.5

Action                   |  1- 3 |  4- 6 || total
-------------------------+-------+-------++-------
 Fire: Shortbow          |    82 |    40 ||   122
Armor: Leather armour    |    10 |     8 ||    18
Dodge: Dodged            |    17 |    13 ||    30
